TOP OF THE 1ST |
Lethbridge Black Diamonds batting - Pitching for Bristol Pirates : RHP Packard Crowe
|
Pitching: RHP Packard Crowe
|
|
Batting: LHB Henrick Lenn
|
0-0: Ground out 5-3 (Groundball, 56, EV 85.6 MPH)
|
Batting: LHB Aaron Hall
|
0-0: Ball 1-0: Ball 2-0: Fly out, F9 (Flyball, 9, EV 92.5 MPH)
|
Batting: SHB Patrick Gregoire
|
0-0: Called Strike 0-1: Hit by Pitch
|
Batting: LHB T.J. Thompson
|
0-0: Called Strike 0-1: Ball 1-1: Foul Ball, location: 7LSF 1-2: Fly out, F8 (Flyball, 8RD, EV 104.4 MPH)
|
Top of the 1st over - 0 runs, 0 hits, 0 errors, 1 left on base; Lethbridge 0 - Bristol 0 |
BOTTOM OF THE 1ST |
Bristol Pirates batting - Pitching for Lethbridge Black Diamonds : RHP Israel Goben
|
Pitching: RHP Israel Goben
|
|
Batting: RHB R.J. Mathieu
|
0-0: SINGLE (Line Drive, 8RS, EV 88.1 MPH)
|
Batting: LHB Colton Henricks
|
0-0: Ball R.J. Mathieu steals 2nd base 1-0: SINGLE (Groundball, 3D, EV 98.1 MPH) R.J. Mathieu to third
|
Batting: RHB Josh Merideth
|
0-0: Foul Ball, location: 5F 0-1: Fielders Choice at 2nd, 6-4 (Groundball, 56, EV 87.5 MPH) R.J. Mathieu scores
|
Batting: LHB Rodman Bryant
|
0-0: Ball 1-0: Grounds into double play, 4-6-3 (Groundball, 34, EV 97.5 MPH)
|
Bottom of the 1st over - 1 run, 2 hits, 0 errors, 0 left on base; Lethbridge 0 - Bristol 1 |
TOP OF THE 2ND |
Lethbridge Black Diamonds batting - Pitching for Bristol Pirates : RHP Packard Crowe
|
Batting: RHB Jay Robinson
|
0-0: Ball 1-0: SINGLE (Line Drive, 7, EV 93.1 MPH)
|
Batting: RHB River Burbano
|
0-0: Ball 1-0: Fly out, F9 (Flyball, 9, EV 86.3 MPH)
|
Batting: RHB Darnall Tharrington
|
0-0: Called Strike 0-1: Grounds into double play, 5-4-3 (Groundball, 5, EV 78.8 MPH)
|
Top of the 2nd over - 0 runs, 1 hit, 0 errors, 0 left on base; Lethbridge 0 - Bristol 1 |
BOTTOM OF THE 2ND |
Bristol Pirates batting - Pitching for Lethbridge Black Diamonds : RHP Israel Goben
|
Batting: RHB Wiley Campbell
|
0-0: Ball 1-0: SINGLE (Line Drive, 6D, EV 96.9 MPH)
|
Batting: RHB Trevor Ryan
|
0-0: Ball 1-0: Ball 2-0: Called Strike 2-1: Fly out, F9 (Line Drive, 9S, EV 85.0 MPH)
|
Batting: RHB Gage Aguilera
|
0-0: Ball 1-0: Fly out, F8 (Flyball, 89D, EV 93.1 MPH)
|
Batting: SHB Rafael Avalos
|
0-0: Swinging Strike 0-1: Swinging Strike 0-2: SINGLE (Line Drive, 8LS, EV 91.9 MPH) Wiley Campbell to second Throwing error, E8 Wiley Campbell scores Rafael Avalos to second
|
Batting: LHB Jonathan Blakes
|
0-0: Called Strike 0-1: Foul Ball, location: 25FF 0-2: Strikes out swinging
|
Bottom of the 2nd over - 1 run, 2 hits, 1 error, 1 left on base; Lethbridge 0 - Bristol 2 |
TOP OF THE 3RD |
Lethbridge Black Diamonds batting - Pitching for Bristol Pirates : RHP Packard Crowe
|
Batting: LHB Brent Calabrese
|
0-0: Ball 1-0: Ground out 4-3 (Groundball, 4, EV 96.3 MPH)
|
Batting: RHB Andy Marsh
|
0-0: Ball 1-0: Foul Ball, location: 23FF 1-1: Foul Ball, location: 9LMFF 1-2: Foul Ball, location: 2F 1-2: Strikes out swinging
|
Batting: LHB Henrick Lenn
|
0-0: Ball 1-0: Ball 2-0: Foul Ball, location: 2F 2-1: Foul Ball, location: 2F 2-2: Ball 3-2: Ground out 4-3 (Groundball, 4, EV 76.9 MPH)
|
Top of the 3rd over - 0 runs, 0 hits, 0 errors, 0 left on base; Lethbridge 0 - Bristol 2 |
BOTTOM OF THE 3RD |
Bristol Pirates batting - Pitching for Lethbridge Black Diamonds : RHP Israel Goben
|
Batting: RHB R.J. Mathieu
|
0-0: Ball 1-0: SINGLE (Groundball, 4S, EV 65.0 MPH) (infield hit)
|
Batting: LHB Colton Henricks
|
0-0: Called Strike 0-1: Swinging Strike 0-2: Strikes out swinging
|
Batting: RHB Josh Merideth
|
0-0: Called Strike R.J. Mathieu steals 2nd base 0-1: Swinging Strike 0-2: Ball 1-2: Foul Ball, location: 23FF 1-2: Ball 2-2: Ball 3-2: Ground out 1-3 (Groundball, 13, EV 68.8 MPH)
|
Batting: LHB Rodman Bryant
|
0-0: Foul Ball, location: 7LMF 0-1: Foul Ball, location: 3FF 0-2: Strikes out swinging
|
Bottom of the 3rd over - 0 runs, 1 hit, 0 errors, 1 left on base; Lethbridge 0 - Bristol 2 |
TOP OF THE 4TH |
Lethbridge Black Diamonds batting - Pitching for Bristol Pirates : RHP Packard Crowe
|
Batting: LHB Aaron Hall
|
0-0: Ball 1-0: Swinging Strike 1-1: Called Strike 1-2: Strikes out swinging
|
Batting: SHB Patrick Gregoire
|
0-0: Called Strike 0-1: Ball 1-1: Foul Ball, location: 2RF 1-2: Ball 2-2: Ball 3-2: Strikes out looking
|
Batting: LHB T.J. Thompson
|
0-0: Fly out, F7 (Flyball, 78D, EV 110.0 MPH)
|
Top of the 4th over - 0 runs, 0 hits, 0 errors, 0 left on base; Lethbridge 0 - Bristol 2 |
BOTTOM OF THE 4TH |
Bristol Pirates batting - Pitching for Lethbridge Black Diamonds : RHP Israel Goben
|
Batting: RHB Wiley Campbell
|
0-0: Ball 1-0: Called Strike 1-1: Fly out, F9 (Flyball, 9LM, EV 89.4 MPH)
|
Batting: RHB Trevor Ryan
|
0-0: Ball 1-0: SINGLE (Line Drive, 78M, EV 91.9 MPH)
|
Batting: RHB Gage Aguilera
|
0-0: Called Strike 0-1: Swinging Strike 0-2: Foul Ball, location: 5FF 0-2: Strikes out swinging
|
Batting: SHB Rafael Avalos
|
0-0: Ball 1-0: Called Strike Trevor Ryan steals 2nd base 1-1: Called Strike 1-2: Ball 2-2: Foul Ball, location: 3DF 2-2: Ball 3-2: Ground out 4-3 (Groundball, 34D, EV 105.0 MPH)
|
Bottom of the 4th over - 0 runs, 1 hit, 0 errors, 1 left on base; Lethbridge 0 - Bristol 2 |
TOP OF THE 5TH |
Lethbridge Black Diamonds batting - Pitching for Bristol Pirates : RHP Packard Crowe
|
Batting: RHB Jay Robinson
|
0-0: Called Strike 0-1: Swinging Strike 0-2: Foul Ball, location: 9LSF 0-2: Ball 1-2: Ball 2-2: Ball 3-2: Strikes out looking
|
Batting: RHB River Burbano
|
0-0: Foul Ball, location: 3FF 0-1: Fly out, F5 (Popup, 56S, EV 73.1 MPH)
|
Batting: RHB Darnall Tharrington
|
0-0: Ball 1-0: Called Strike 1-1: Foul Ball, location: 5F 1-2: Strikes out swinging
|
Top of the 5th over - 0 runs, 0 hits, 0 errors, 0 left on base; Lethbridge 0 - Bristol 2 |
BOTTOM OF THE 5TH |
Bristol Pirates batting - Pitching for Lethbridge Black Diamonds : RHP Israel Goben
|
Batting: LHB Jonathan Blakes
|
0-0: Ball 1-0: Called Strike 1-1: Foul Ball, location: 2F 1-2: Ball 2-2: Fly out, F8 (Flyball, 8RD, EV 95.0 MPH)
|
Batting: RHB R.J. Mathieu
|
0-0: SINGLE (Line Drive, 56, EV 95.6 MPH)
|
Batting: LHB Colton Henricks
|
0-0: Called Strike 0-1: Ball 1-1: Called Strike 1-2: Ball 2-2: Foul Ball, location: 23FF 2-2: TRIPLE (Line Drive, 7D, EV 103.8 MPH) R.J. Mathieu scores
|
Pinch Runner at 3rd Arik Sisler:
|
|
Batting: RHB Josh Merideth
|
0-0: Ball 1-0: Foul Ball, location: 2RF 1-1: Fly out, F8 (Flyball, 8RXD, EV 105.6 MPH) Runner from 3rd tags up, SCORES, no throw by CF
|
Batting: LHB Rodman Bryant
|
0-0: Called Strike 0-1: Foul Ball, location: 9LSFF 0-2: Foul Ball, location: 5SF 0-2: Ball 1-2: Strikes out swinging
|
Bottom of the 5th over - 2 runs, 2 hits, 0 errors, 0 left on base; Lethbridge 0 - Bristol 4 |
TOP OF THE 6TH |
Lethbridge Black Diamonds batting - Pitching for Bristol Pirates : RHP Packard Crowe
|
Now in LF: Arik Sisler
|
|
Batting: LHB Brent Calabrese
|
0-0: SOLO HOME RUN (Flyball, 89XD, EV 110.0 MPH), Distance : 429 ft
|
Batting: RHB Andy Marsh
|
0-0: Called Strike 0-1: Ball 1-1: Ball 2-1: Ball 3-1: Foul Ball, location: 7LMFF 3-2: Strikes out swinging
|
Batting: LHB Henrick Lenn
|
0-0: Swinging Strike 0-1: Foul Ball, location: 7LMF 0-2: Ball 1-2: Ball 2-2: Foul Ball, location: 3SF 2-2: Foul Ball, location: 7LDF 2-2: Foul Ball, location: 2F 2-2: Strikes out swinging
|
Batting: LHB Aaron Hall
|
0-0: Ball 1-0: Ball 2-0: Foul Ball, location: 23F 2-1: Foul Ball, location: 7LSF 2-2: Ball 3-2: Foul Ball, location: 7LMF 3-2: Ground out 4-3 (Groundball, 4S, EV 72.5 MPH)
|
Top of the 6th over - 1 run, 1 hit, 0 errors, 0 left on base; Lethbridge 1 - Bristol 4 |
BOTTOM OF THE 6TH |
Bristol Pirates batting - Pitching for Lethbridge Black Diamonds : RHP Israel Goben
|
Batting: RHB Wiley Campbell
|
0-0: Ball 1-0: Called Strike 1-1: SINGLE (Groundball, 6MD, EV 103.8 MPH) (infield hit)
|
Batting: RHB Trevor Ryan
|
0-0: Ball 1-0: Foul Ball, location: 9LDF 1-1: Ball 2-1: Ball 3-1: Base on Balls Wiley Campbell to second
|
Batting: RHB Gage Aguilera
|
0-0: SINGLE (Groundball, 5S, EV 65.0 MPH) (infield hit) Wiley Campbell to third Trevor Ryan to second
|
Batting: SHB Rafael Avalos
|
0-0: Ball 1-0: GRAND SLAM HOME RUN (Flyball, 89XD, EV 101.3 MPH), Distance : 395 ft
|
Pitching: RHP Vinny Pikevsky
|
|
Batting: LHB Jonathan Blakes
|
0-0: Ball 1-0: Ball 2-0: Foul Ball, location: 23FF 2-1: SOLO HOME RUN (Flyball, 7D, EV 97.5 MPH), Distance : 378 ft
|
Batting: RHB R.J. Mathieu
|
0-0: Called Strike 0-1: Ball 1-1: Foul Ball, location: 9LMF 1-2: Strikes out swinging
|
Batting: LHB Arik Sisler
|
0-0: Swinging Strike 0-1: Called Strike 0-2: Ground out 6-3 (Groundball, 6, EV 99.4 MPH)
|
Batting: RHB Josh Merideth
|
0-0: Called Strike 0-1: Swinging Strike 0-2: SINGLE (Flyball, 78S, EV 86.3 MPH)
|
Batting: LHB Rodman Bryant
|
0-0: Ball 1-0: Foul Ball, location: 2F 1-1: Ball 2-1: Ball 3-1: Called Strike 3-2: Fly out, F9 (Line Drive, 9, EV 98.1 MPH)
|
Bottom of the 6th over - 5 runs, 5 hits, 0 errors, 1 left on base; Lethbridge 1 - Bristol 9 |
TOP OF THE 7TH |
Lethbridge Black Diamonds batting - Pitching for Bristol Pirates : RHP Packard Crowe
|
Batting: SHB Patrick Gregoire
|
0-0: Ball 1-0: Ball 2-0: Ball 3-0: Called Strike 3-1: Foul Ball, location: 5SF 3-2: Ground out 4-3 (Groundball, 4, EV 102.5 MPH)
|
Batting: LHB T.J. Thompson
|
0-0: Foul Ball, location: 2F 0-1: Foul Ball, location: 2F 0-2: Ball 1-2: Foul Ball, location: 7LMF 1-2: SINGLE (Flyball, 8LS, EV 93.8 MPH)
|
Pinch Hitting: RHB Carlos Arenas
|
0-0: Ball 1-0: Foul Ball, location: 2F 1-1: Foul Ball, location: 3FF 1-2: Strikes out swinging
|
Pitching: RHP Wyatt Brown
|
|
Batting: RHB River Burbano
|
0-0: Ground out 1-3 (Groundball, 13, EV 70.6 MPH)
|
Top of the 7th over - 0 runs, 1 hit, 0 errors, 1 left on base; Lethbridge 1 - Bristol 9 |
BOTTOM OF THE 7TH |
Bristol Pirates batting - Pitching for Lethbridge Black Diamonds : RHP Vinny Pikevsky
|
Now in LF: Carlos Arenas
|
|
Batting: RHB Wiley Campbell
|
0-0: Called Strike 0-1: Ball 1-1: Called Strike 1-2: SINGLE (Groundball, 4D, EV 96.3 MPH)
|
Batting: RHB Trevor Ryan
|
0-0: Ball 1-0: SINGLE (Line Drive, 78S, EV 91.3 MPH) Wiley Campbell to second
|
Batting: RHB Gage Aguilera
|
0-0: Called Strike 0-1: Swinging Strike 0-2: Strikes out swinging
|
Batting: SHB Rafael Avalos
|
0-0: Called Strike 0-1: Foul Ball, location: 2F 0-2: Foul Ball, location: 3F 0-2: Strikes out swinging
|
Batting: LHB Jonathan Blakes
|
0-0: Foul Ball, location: 2F 0-1: Ball 1-1: Foul Ball, location: 2F 1-2: Strikes out swinging
|
Bottom of the 7th over - 0 runs, 2 hits, 0 errors, 2 left on base; Lethbridge 1 - Bristol 9 |
TOP OF THE 8TH |
Lethbridge Black Diamonds batting - Pitching for Bristol Pirates : RHP Wyatt Brown
|
Batting: RHB Darnall Tharrington
|
0-0: Ball 1-0: Ground out 5-3 (Groundball, 5, EV 80.0 MPH)
|
Batting: LHB Brent Calabrese
|
0-0: Ball 1-0: Ball 2-0: Swinging Strike 2-1: SOLO HOME RUN (Flyball, 9LD, EV 93.1 MPH), Distance : 330 ft
|
Batting: RHB Andy Marsh
|
0-0: Ball 1-0: Foul Ball, location: 25FF 1-1: Called Strike 1-2: Strikes out swinging
|
Batting: LHB Henrick Lenn
|
0-0: Foul Ball, location: 9LMF 0-1: Ball 1-1: Called Strike 1-2: Strikes out swinging
|
Top of the 8th over - 1 run, 1 hit, 0 errors, 0 left on base; Lethbridge 2 - Bristol 9 |
BOTTOM OF THE 8TH |
Bristol Pirates batting - Pitching for Lethbridge Black Diamonds : RHP Vinny Pikevsky
|
Pinch Hitting: RHB Julian Schnipke
|
0-0: Swinging Strike 0-1: Ball 1-1: Called Strike 1-2: Ground out 5-3 (Groundball, 56, EV 96.9 MPH)
|
Pinch Hitting: LHB Bernard Melrose
|
0-0: Called Strike 0-1: Ball 1-1: Foul Ball, location: 3F 1-2: Ball 2-2: Strikes out looking
|
Pinch Hitting: SHB Jack Hooker
|
0-0: Called Strike 0-1: Ball 1-1: Ground out 2-3 (Groundball, 2R, EV 68.8 MPH)
|
Bottom of the 8th over - 0 runs, 0 hits, 0 errors, 0 left on base; Lethbridge 2 - Bristol 9 |
TOP OF THE 9TH |
Lethbridge Black Diamonds batting - Pitching for Bristol Pirates : RHP Wyatt Brown
|
Now in LF: Bernard Melrose
|
|
Now in CF: Jared Wratten
|
|
Now in RF: Julian Schnipke
|
|
Batting: LHB Aaron Hall
|
0-0: Ball 1-0: Foul Ball, location: 2F 1-1: Foul Ball, location: 9LMF 1-2: Foul Ball, location: 7LMF 1-2: Strikes out looking
|
Batting: SHB Patrick Gregoire
|
0-0: Fly out, F9 (Line Drive, 3D, EV 71.9 MPH)
|
Batting: LHB T.J. Thompson
|
0-0: Swinging Strike 0-1: Ball 1-1: Foul Ball, location: 2F 1-2: Ball 2-2: Strikes out looking
|
Top of the 9th over - 0 runs, 0 hits, 0 errors, 0 left on base; Lethbridge 2 - Bristol 9 |
|